 Dungeon Sprint DCSS version 0.26-a0-708-g17f3b190f9 (webtiles) character file.

Game seed: 12137521247423893280

522 mhtbhm the Blocker (level 7, -7/70 HPs)
             Began as a Minotaur Fighter on Oct 28, 2020.
             Was a Believer of Makhleb.
             Mangled by a death knight
             ... wielding a +2 great sword
              (18 damage)
             ... in the Dungeon (Sprint IX: "|||||||||||||||||||||||||||||").
             The game lasted 00:02:03 (196 turns).

mhtbhm the Blocker (Minotaur Fighter)                Turns: 196, Time: 00:02:04

Health: -7/70      AC: 13    Str: 23    XL:     7   Next: 1%
Magic:  6/6        EV:  9    Int:  8    God:    Makhleb [**....]
Gold:   0          SH: 12    Dex:  9    Spells: 6/6 levels left

rFire    . . .     SeeInvis .   a - +2 scimitar (holy)
rCold    . . .     Faith    .   c - +0 kite shield
rNeg     . . .     Spirit   .   b - +1 scale mail
rPois    .         Reflect  .   (helmet restricted)
rElec    .         Harm     .   (no cloak)
rCorr    .         Rampage  .   o - +0 pair of gloves
MR       .....     NoTele   +   (no boots)
Stlth    ..........             (no amulet)
HPRegen  0.21/turn              p - +3 ring of intelligence
MPRegen  0.10/turn              q - +2 ring of protection

@: no status effects
A: retaliatory headbutt, horns 2
a: Minor Destruction, Renounce Religion


You were in the Dungeon.
You worshipped Makhleb.
Makhleb was pleased with you.
You visited 1 branch

Inventory:

Hand Weapons
 a - a +2 scimitar of holy wrath (weapon)
Armour
 b - a +1 scale mail (worn)
 c - a +0 kite shield (worn)
 o - a +0 pair of gloves (worn)
Jewellery
 p - a +3 ring of intelligence (left hand)
 q - a +2 ring of protection (right hand)
Wands
 n - a wand of acid (8)
Scrolls
 j - 2 scrolls of blinking
 l - 3 scrolls of remove curse
 m - 2 scrolls of amnesia
Potions
 d - a potion of might
 e - 5 potions of curing
 f - 3 potions of heal wounds
 g - a potion of haste
 h - 4 potions of magic
 k - a potion of invisibility


   Skills:
 + Level 9.5 Fighting
 + Level 8.4 Long Blades
 + Level 10.0 Armour
 + Level 1.0 Dodging
 + Level 10.2 Shields
 + Level 0.2 Evocations


You had 6 spell levels left.
You didn't know any spells.
Your spell library was empty.

Dungeon Overview and Level Annotations

Branches:
Dungeon (1/1)

Altars:
Cheibriados
Dithmenos
Elyvilon
Fedhas
Gozag
Hepliaklqana
Kikubaaqudgha
Makhleb
Nemelex Xobeh
Okawaru
Qazlal
Ru
Sif Muna
Trog
Uskayaw
Vehumet
Wu Jian
Xom
Yredelemnul
Zin
The Shining One
Beogh
Jiyva
Lugonu


Innate Abilities, Weirdness & Mutations

You reflexively headbutt those who attack you in melee.
You have a pair of horns on your head.


Message History

Your scale mail prevents you from hitting the yak.
The yak is almost dead.
The death knight's dark mirror aura disappears.
The yak gores you but does no damage.
You hit the yak.
You kill the yak!
Makhleb accepts your kill.
Your Long Blades skill increases to level 8!
Your Armour skill increases to level 10!
Your Dodging skill increases to level 1!
Your Shields skill increases to level 10!
You have reached level 7!
You closely miss the orc. Your headbutt misses the orc.
You block the orc's attack.
You slash the orc!
You kill the orc!
Makhleb accepts your kill.
You feel better.
The death knight hits you with a +2 great sword!!
You die... ▓▓▓▓▓▓▓▓▓▓▓▓▓▓▓▓▓▓▓▓▓▓▓▓ ..).[..[.())....@pzB.o.+ ▓▓▓▓▓▓▓▓▓▓▓▓▓▓▓▓▓▓▓▓▓▓▓▓

You could see a death knight, an orc warrior, a worker ant and a wight.

Vanquished Creatures
  2 yaks (D)
  A sky beast (D)
  A centaur (D)
  A howler monkey (D)
  An iguana (D)
  An adder zombie (D)
  A worm (D)
  2 orcs (D)
  A bat skeleton (D)
  A giant cockroach (D)
  3 goblins (D)
  A hobgoblin (D)
  A frilled lizard (D)
  A rat (D)
18 creatures vanquished.

Notes
Turn   | Place    | Note
-------+----------+-------------------------------------------
     0 | D        | mhtbhm the Minotaur Fighter began the quest for the Orb.
     0 | D        | Reached XP level 1. HP: 19/19 MP: 0/0
    23 | D        | Reached XP level 2. HP: 28/28 MP: 1/1
    57 | D        | Found a roughly hewn altar of Beogh.
    57 | D        | Found a snail-covered altar of Cheibriados.
    57 | D        | Found a shadowy altar of Dithmenos.
    57 | D        | Found a white marble altar of Elyvilon.
    57 | D        | Found a blossoming altar of Fedhas.
    57 | D        | Found an opulent altar of Gozag.
    58 | D        | Found a hazy altar of Hepliaklqana.
    59 | D        | Found a viscous altar of Jiyva.
    60 | D        | Found an ancient bone altar of Kikubaaqudgha.
    61 | D        | Found a corrupted altar of Lugonu.
    62 | D        | Found a burning altar of Makhleb.
    63 | D        | Found a sparkling altar of Nemelex Xobeh.
    64 | D        | Found an iron altar of Okawaru.
    65 | D        | Found a stormy altar of Qazlal.
    66 | D        | Found a sacrificial altar of Ru.
    67 | D        | Found a shimmering blue altar of Sif Muna.
    68 | D        | Found a bloodstained altar of Trog.
    69 | D        | Found a hide-covered altar of Uskayaw.
    70 | D        | Became a worshipper of Makhleb the Destroyer
    71 | D        | Found a radiant altar of Vehumet.
    72 | D        | Found an ornate altar of the Wu Jian Council.
    73 | D        | Found a shimmering altar of Xom.
    74 | D        | Found a basalt altar of Yredelemnul.
    75 | D        | Found a glowing silver altar of Zin.
    76 | D        | Found a glowing golden altar of the Shining One.
   136 | D        | Noticed a yak
   136 | D        | Noticed a centaur
   136 | D        | Noticed a howler monkey
   136 | D        | Noticed a sky beast
   141 | D        | Killed a yak
   141 | D        | Reached skill level 5 in Long Blades
   141 | D        | Reached XP level 3. HP: 39/39 MP: 2/2
   141 | D        | Reached XP level 4. HP: 47/47 MP: 3/3
   141 | D        | Reached XP level 5. HP: 52/52 MP: 4/4
   146 | D        | Reached * piety under Makhleb
   150 | D        | Killed a centaur
   155 | D        | Reached XP level 6. HP: 50/62 MP: 5/5
   171 | D        | Killed a sky beast
   171 | D        | Reached ** piety under Makhleb
   185 | D        | Noticed a yak
   185 | D        | Noticed a death knight
   185 | D        | Noticed an orc warrior
   193 | D        | Killed a yak
   193 | D        | Reached skill level 10 in Armour
   193 | D        | Reached skill level 1 in Dodging
   193 | D        | Reached skill level 10 in Shields
   193 | D        | Reached XP level 7. HP: 9/70 MP: 6/6
   196 | D        | Mangled by a death knight

Illustrated notes

Levels and vault maps discovered:
D:        linesprint [early_d, line_temple, items_1, d_10, items_2, lair_1,
          lair_end, items_3, orc_1, orc_end, items_4, d_15, swamp_1, shoals_1,
          snake_1, spider_1, d_20, vaults_1, items_5, swamp_end, shoals_end,
          snake_end, spider_end, vaults_end, d_27, items_6, zot_1, zot_end,
          crypt_end, forest_end, elf_end, slime_end, tomb_end, abyss_end,
          pan_hell_end]

Skill      XL: |  1  2  3  4  5  6 |
---------------+-------------------+-----
Fighting       | 4 7 8 9 |  9.5
Armour         | 4 7 8 10 | 10.0
Shields        | 4 7 9 10 | 10.2
Long Blades    | 5 6 8 |  8.4
Dodging        | 1 |  1.0
Evocations     | |  0.2

Action                   |  1- 3 |  4- 6 |  7- 9 || total
-------------------------+-------+-------+-------++-------
Melee: Long sword        |    28 |       |       ||    28
       Headbutt          |     6 |     2 |       ||     8
       Scimitar          |     4 |    34 |     2 ||    40
Evoke: Wand              |       |     2 |       ||     2
  Use: Potion            |     1 |       |       ||     1
Armor: Scale mail        |     7 |    17 |       ||    24
Dodge: Dodged            |     9 |     5 |       ||    14
Block: Kite shield       |    14 |    14 |     1 ||    29
       Rpst.: Long sword |     1 |       |       ||     1

Table legend: (Time is in decaauts)
 A = Elapsed time spent in this place.
 B = Non-inter-level travel time spent in this place.
 C = Inter-level travel time spent in this place.
 D = Time resting spent in this place.
 E = Time spent auto-exploring this place.
 F = Levels seen in this place.
 G = Mean time per level.
                   A        B        C        D        E       F      G
               +--------+--------+--------+--------+--------+-----+--------+
         Total |    213 |    213 |      0 |     18 |      3 |   1 |  213.0 |
       Dungeon |    213 |    213 |      0 |     18 |      3 |   1 |  213.0 |
               +--------+--------+--------+--------+--------+-----+--------+

Top non-repeatable levels by time:
       D: 213 daAuts
